 Dungeon Crawl Stone Soup version 0.17.1-1-g73c8601 (webtiles) character file.

91 JustSomeDude the Insei (level 4, -1/35 HPs)
             Began as a Demonspawn Monk on Dec 29, 2015.
             Slain by Grinder (2 damage)
             ... on level 3 of the Dungeon.
             The game lasted 00:03:45 (1818 turns).

JustSomeDude the Insei (Demonspawn Monk)            Turns: 1818, Time: 00:03:47

Health: -1/35      AC:  6    Str: 12    XL:     4   Next: 34%
Magic:  4/4        EV:  9    Int: 11    God:
Gold:   95         SH:  9    Dex: 16    Spells: 0 memorised, 3 levels left

rFire  . . .     SeeInvis .       - Unarmed
rCold  . . .     Clarity  .     p - +0 ring mail (curse)
rNeg   . . .     SustAt   .     i - +2 shield
rPois  .         Gourm    .     (helmet restricted)
rElec  .         Spirit   .     (no cloak)
rCorr  .         Warding  .     j - +0 pair of gloves
rMut   .         Stasis   .     (no boots)
MR     .....                    (no amulet)
Stlth  +.........               (no ring)
                                (no ring)

@: lethally poisoned (-1 -> -2), very slightly contaminated, invisible, not
resistant to hostile enchantments, very unstealthy
A: antennae 1
a: no special abilities


You were on level 3 of the Dungeon.
You were not hungry.

You visited 1 branch of the dungeon, and saw 3 of its levels.

You collected 95 gold pieces.

Inventory:

Armour
 a - a +0 robe
 i - a +2 shield (worn)
 j - a +0 pair of gloves (worn)
 p - a cursed +0 ring mail (worn)
Wands
 g - a wand of invisibility (0)
Scrolls
 c - a scroll of recharging {unknown}
 d - 2 scrolls of enchant armour {unknown}
 e - 3 scrolls of noise
 k - a scroll of fog {unknown}
 n - a scroll of teleportation {unknown}
 o - 3 scrolls of identify {unknown}
Potions
 l - a potion of heal wounds {unknown}
 m - 3 potions of curing {unknown}
Comestibles
 b - 4 bread rations
 f - a slice of pizza


   Skills:
 + Level 3.5 Fighting
 + Level 1.3 Armour
 + Level 3.2 Dodging
 + Level 1.9 Stealth
 + Level 0.6 Shields
 + Level 4.1 Unarmed Combat


You had 3 spell levels left.
You didn't know any spells.

Dungeon Overview and Level Annotations

Branches:
Dungeon (3/15)

Altars:

Annotations:
D:3 Grinder


Innate Abilities, Weirdness & Mutations

You have a pair of small antennae on your head.


Message History

You closely miss Grinder. You block the goblin's attack.
You block Grinder's attack.
You closely miss Grinder. You block the goblin's attack.
Grinder gestures.
Grinder blinks!
The adder bites you but does no damage. The goblin barely misses you.
The adder bites you but does no damage.
You feel sick. Grinder hits you.
* * * LOW HITPOINT WARNING * * *
You writhe in agony.
* * * LOW HITPOINT WARNING * * *
The goblin closely misses you.
The kobold shouts!
You hit Grinder.
Grinder is lightly wounded.
The kobold shouts!
Grinder hits you!
* * * LOW HITPOINT WARNING * * *
You writhe in agony.
You die...

... ..... ####.### #...#
#......# #...# #......#
#..!# # #....#†#
#...###..
#....#.########........
.##......#...............
...............5gS.......
.##......#......@........
#......########...###.#
#.#..#.# #....?...
#.##.#.# #...###.
#......# #...# ####.###
#.... #.# #....K #.#
....## #.


You could see Grinder, an adder, a goblin and a kobold (wandering).

Vanquished Creatures
  4 adders
  An ooze (D:2)
  A worm (D:2)
  2 giant geckos
  2 giant cockroaches
  8 goblins
  6 hobgoblins
  7 kobolds
  A ball python (D:1)
  7 bats
  A giant newt (D:1)
  10 rats
50 creatures vanquished.

Notes
Turn   | Place    | Note
--------------------------------------------------------------
     0 | D:1      | JustSomeDude the Demonspawn Monk began the quest for the Orb.
     0 | D:1      | Reached XP level 1. HP: 18/18 MP: 1/1
   227 | D:1      | Gained mutation: You have a pair of small antennae on your head. [demonic ancestry]
   227 | D:1      | Reached XP level 2. HP: 24/24 MP: 2/2
   883 | D:2      | Reached XP level 3. HP: 29/29 MP: 3/3
   944 | D:2      | Reached skill level 4 in Unarmed Combat
  1569 | D:2      | Reached skill level 1 in Armour
  1569 | D:2      | Reached XP level 4. HP: 19/35 MP: 4/4
  1803 | D:3      | Noticed Grinder
  1807 | D:3      | Paralysed by Grinder for 5 turns
  1818 | D:3      | HP: 1/35 [Grinder (7)]
  1818 | D:3      | Slain by Grinder

Action                   |  1- 3 |  4- 6 || total
-------------------------+-------+-------++-------
Melee: Unarmed           |   171 |    37 ||   208
Evoke: Wand              |       |     1 ||     1
  Use: Scroll            |     5 |       ||     5
 Stab: Sleeping          |     1 |     2 ||     3
  Eat: Beef jerky        |     3 |       ||     3
